 Dungeon Crawl Stone Soup version 0.30-a0-51-g784eafce7f (webtiles) character file.

Game seed: 9027585513147405211

13866 jlumianski the Cleaver (level 11, -12/124 HPs)
             Began as a Demonspawn Gladiator on Sept 6, 2022.
             Was an Elder of Qazlal.
             Mangled by a manticore (16 damage)
             ... on level 11 of the Dungeon.
             The game lasted 00:42:47 (10874 turns).

jlumianski the Cleaver (Demonspawn Gladiator)      Turns: 10874, Time: 00:42:47

Health: -12/124    AC: 22    Str: 28    XL:     11   Next: 81%
Magic:  0/18       EV: 10    Int: 10    God:    Qazlal [****..]
Gold:   455        SH:  9    Dex: 14    Spells: 10/10 levels left

rFire   + . .      SeeInvis .    a - +1 war axe
rCold   . . .      Faith    .    (no shield)
rNeg    . . .      Spirit   +    x - +1 chain mail of Eternal Night {+Inv rF+ rCorr Str+3}
rPois   .          Reflect  .    z - +2 hat
rElec   .          Harm     +    A - scarf {harm}
rCorr   +          Rampage  .    C - +0 pair of gloves
Will    .....                    w - +0 pair of boots
Stlth   ..........               i - amulet of guardian spirit
HPRegen 0.30/turn                g - ring of wizardry
MPRegen 0.16/turn                r - +6 ring of strength

@: berserking, repel missiles, very quick
A: icemail 1, powered by death 2, sharp scales 2, condensation shield, demonic
touch 2
a: Renounce Religion, Evoke Invisibility, Upheaval, Elemental Force


You were on level 11 of the Dungeon.
You worshipped Qazlal.
Qazlal was greatly pleased with you.
You visited 2 branches of the dungeon, and saw 13 of its levels.

You collected 683 gold pieces.
You spent 228 gold pieces at shops.

Inventory:

Hand Weapons
 a - a +1 war axe (weapon)
 q - a +2 dagger of pain
 t - a +3 hand axe
 y - a +4 hand axe
 I - a +2 spear of freezing
 Q - a +0 arbalest
 R - a +1 trident of protection
 Y - a +3 vampiric spear
Missiles
 d - 5 throwing nets
 m - 4 javelins
 n - 144 stones
 B - 14 poisoned darts (quivered)
 V - 3 silver boomerangs
 X - a curare-tipped dart
 Z - a boomerang
Armour
 b - a +0 leather armour
 c - a +0 helmet
 u - a +0 scale mail
 w - a +0 pair of boots (worn)
 x - the +1 chain mail of Eternal Night (worn) {+Inv rF+ rCorr Str+3}
   (You found it on level 4 of the Dungeon)

   Str:       It affects your strength (+3).
   rF:        It protects you from fire.
   +Inv:      It lets you turn invisible.
   rCorr:     It protects you from acid and corrosion.
 z - a +2 hat (worn)
 A - a scarf of harm (worn)
 C - a +0 pair of gloves (worn)
 G - +0 steam dragon scales
 H - a +4 chain mail
 O - the +3 chain mail of Devotion {rC- rN+++ MP+9 Dex-3}
   (You found it on level 8 of the Dungeon)

   Dex:       It affects your dexterity (-3).
   rC:        It makes you vulnerable to cold.
   rN:        It renders you almost immune to negative energy.
   MP:        It affects your magic capacity (+9).
Magical Staves
 S - a staff of poison
Jewellery
 g - a ring of wizardry (left hand)
 i - an amulet of guardian spirit (around neck)
 r - a +6 ring of strength (right hand)
 E - a ring of see invisible
 L - an amulet of the acrobat
Wands
 M - a wand of flame (25)
 T - a wand of iceblast (5)
 W - a wand of polymorph (3)
Scrolls
 f - a scroll of magic mapping
 l - a scroll of vulnerability {unknown}
 o - 2 scrolls of amnesia
 v - 3 scrolls of teleportation
 K - a scroll of brand weapon {unknown}
 P - a scroll of summoning
Potions
 e - 3 potions of cancellation
 h - a potion of invisibility
 j - 4 potions of curing
 k - 2 potions of brilliance
 p - a potion of resistance
 s - a potion of haste
 J - a potion of might
 N - 2 potions of degeneration
 U - a potion of mutation


   Skills:
 + Level 6.8 Fighting
 + Level 10.9 Axes
 - Level 3.4 Throwing
 + Level 7.1 Armour
 + Level 4.8 Dodging
 + Level 2.4 Stealth
 - Level 1.2 Shields
 * Level 9.5 Invocations
 * Level 6.4 Evocations


You had 10 spell levels left.
You didn't know any spells.
Your spell library contained the following spells:

 Spells                   Type           Power      Damage    Failure   Level
 Sting                    Tmut/Pois      0%         1d3       56%         1
 Poisonous Vapours        Pois/Air       0%         N/A       69%         2
 Gell's Gravitas          Tloc           0%         N/A       89%         3
 Ignite Poison            Fire/Tmut/Pois 0%         N/A       89%         3
 Mephitic Cloud           Conj/Pois/Air  0%         N/A       89%         3
 Portal Projectile        Hex/Tloc       0%         N/A       89%         3
 Teleport Other           Tloc           0%         N/A       89%         3
 Tukima's Dance           Hex            0%         N/A       89%         3
 Corpse Rot               Necr/Pois/Air  0%         N/A       99%         4
 Fulminant Prism          Conj/Hex       0%         3d6       99%         4
 Iskenderun's Mystic Bla  Conj/Tloc      0%         2d3       99%         4
 Olgreb's Toxic Radiance  Pois           0%         N/A       99%         4
 Petrify                  Tmut/Erth      0%         N/A       99%         4
 Blade Hands              Tmut           0%         N/A       100%        5
 Freezing Cloud           Conj/Ice/Air   0%         6-21      100%        5
 Lee's Rapid Deconstruct  Erth           0%         3d5*      100%        5
 Metabolic Englaciation   Hex/Ice        0%         N/A       100%        5
 Dispersal                Tloc           0%         N/A       100%        6
 Statue Form              Tmut/Erth      0%         N/A       100%        6
 Malign Gateway           Summ/Tloc      0%         N/A       100%        7
 Summon Horrible Things   Summ           0%         N/A       100%        8


Dungeon Overview and Level Annotations

Branches:
Dungeon (12/15)            Temple (1/1) D:4            Lair (0/5) D:11
    Orc (0/2) D:11

Altars:
Ashenzari
Cheibriados
Dithmenos
Fedhas
Gozag
Hepliaklqana
Kikubaaqudgha
Makhleb
Nemelex Xobeh
Okawaru
Qazlal
Ru
Sif Muna
Trog
Uskayaw
Vehumet
Wu Jian
Xom
Yredelemnul

Shops:
D:8 ?


Innate Abilities, Weirdness & Mutations

A meltable icy envelope protects you from harm. (AC +4)
You regenerate health from kills.
You are mostly covered in razor-sharp scales. (AC +2, Slay +2)
A meltable shield of frost defends you. (SH +4)
Your touch may inflict irresistible damage on your foes.


Message History

The slime creature hits you!
There is a stone staircase leading up, spattered with blood here.
You hear a shout!
The cyclops is engulfed in blazing flames.
The cyclops hits you but does no damage.
The acid dragon spits acid at you. The splash of acid misses you.
The splash of acid hits the slime creature!!
The acid corrodes the slime creature!
You block the slime creature's attack.
You block the manticore's attack. x2; The manticore barely misses you.
The slime creature hits you but does no damage.
The yak barely misses you.
You climb upwards.
There is a stone staircase leading down, spattered with blood here.
Unknown command.
Activating: Elemental Force (1% risk of failure)
Press: ? - help, Dir - look around, f - activate Clouds arounds you coalesce and take form!
The cyclops hits you!!
* * * LOW HITPOINT WARNING * * *
The slime creature hits you!
* * * LOW HITPOINT WARNING * * *
The yak gores you.
* * * LOW HITPOINT WARNING * * *
The acid dragon bites you but does no damage.
The acid dragon claws you but does no damage.
The manticore barely misses you. The manticore closely misses you.
You block the manticore's attack.
The slime creature completely misses you.
Okay, then.
A red film seems to cover your vision as you go berserk!
You feel yourself moving faster!
You feel mighty!
Your fire elemental hits the acid dragon.
Your fire elemental burns the acid dragon!
You block the slime creature's attack.
Your water elemental hits the slime creature!
You block the slime creature's attack. The yak gores you!
* * * LOW HITPOINT WARNING * * *
The manticore bites you!
You die...

############# ###########
#......E..§.# #...#...#..
#........DYJ# ###.#.#.#.#
#.>......E@J# #...#.#...#
#........CEH# #)###.#####
#.......§...#####...#.#...#
#.......^...'..<'.#.###.###
#...........#####.#........
####'######## ####'######
#.######## #.### #........#
#...# #########'## ###+# #


You could see 2 slime creatures, a manticore, a cyclops, a yak, an acid dragon
(ally target), a friendly earth elemental (summoned), a friendly water elemental
(summoned) and a friendly fire elemental (summoned).

Vanquished Creatures
  A boulder beetle (D:8)
  2 two-headed ogres (D:11)
  A shadow wraith (D:11)
  An ugly thing (D:11)
  A cyclops (D:11)
  A komodo dragon (D:11)
  A kobold demonologist (D:9)
  2 trolls (D:11)
  3 slime creatures (D:11)
  A hornet (D:11)
  A shadow (D:8)
  14 yaks
  Eustachio (D:6)
  2 wyverns
  A wraith (D:11)
  Grum (D:9)
  3 steam dragons (D:8)
  4 vampire mosquitoes (D:9)
  Menkaure (D:6)
  An acid dragon (D:11)
  4 water moccasins
  3 orc warriors
  A sky beast (D:9)
  2 black bears
  An ice beast (D:7)
  2 ogres (D:6)
  4 wolves (D:9)
  5 centaurs
  3 phantoms
  Blork the orc (D:6)
  4 bullfrogs
  2 scorpions
  2 kobold brigands
  3 gnoll sergeants
  3 necrophages
  4 wights (D:10)
  10 killer bees
  4 howler monkeys
  3 jellies
  5 orc priests
  5 hounds
  Natasha (thrice) (D:3 D:4)
  3 iguanas
  13 orc wizards
  14 gnolls
  9 adders
  A shadow imp (D:7)
  A white imp (D:7)
  3 ufetubi
  3 worms
  A dart slug (D:3)
  41 orcs
  3 bats
  8 endoplasms
  2 giant cockroaches
  9 goblins
  4 hobgoblins
  6 jackals
  3 quokkas
  9 ball pythons
  13 kobolds
  3 rats
266 creatures vanquished.

Vanquished Creatures (others)
  40 fungi (D:11)
  24 plants (D:11)
64 creatures vanquished.

Grand Total: 330 creatures vanquished

Notes
Turn   | Place    | Note
-------+----------+-------------------------------------------
     0 | D:1      | jlumianski the Demonspawn Gladiator began the quest for the
                  | Orb.
     0 | D:1      | Reached XP level 1. HP: 16/16 MP: 1/1
   133 | D:2      | Found a blossoming altar of Fedhas.
   468 | D:1      | Gained mutation: Your touch may inflict minor irresistible
                  | damage on your foes. [demonic ancestry]
   468 | D:1      | Reached XP level 2. HP: 17/22 MP: 2/2
   494 | D:1      | Reached skill level 3 in Axes
  1039 | D:2      | Found a faded altar of an unknown god.
  1090 | D:2      | Gained mutation: You regenerate a little health from kills.
                  | [demonic ancestry]
  1090 | D:2      | Reached XP level 3. HP: 27/27 MP: 3/3
  1383 | D:3      | Noticed Natasha
  1389 | D:3      | Killed Natasha
  1390 | D:3      | Reached skill level 1 in Armour
  1390 | D:3      | Reached XP level 4. HP: 29/34 MP: 4/4
  1635 | D:4      | Found a staircase to the Ecumenical Temple.
  1641 | Temple   | Entered the Ecumenical Temple
  1692 | Temple   | Became a worshipper of Qazlal Stormbringer
  1772 | D:4      | Noticed a phantom
  1786 | D:4      | Killed a phantom
  1787 | D:4      | Reached skill level 4 in Axes
  1787 | D:4      | Gained mutation: You are partially covered in razor-sharp
                  | scales. (AC +1, Slay +1) [demonic ancestry]
  1787 | D:4      | Reached XP level 5. HP: 19/39 MP: 5/5
  1936 | D:5      | Entered Level 5 of the Dungeon
  1940 | D:4      | You fall into a shaft and drop 2 floors!
  2041 | D:3      | Noticed Natasha
  2051 | D:4      | Killed Natasha
  2052 | D:4      | Gained mutation: You are mostly covered in razor-sharp
                  | scales. (AC +2, Slay +2) [demonic ancestry]
  2052 | D:4      | Reached XP level 6. HP: 38/46 MP: 6/6
  2629 | D:3      | Reached skill level 5 in Axes
  2629 | D:3      | Reached skill level 1 in Stealth
  2869 | D:4      | Reached * piety under Qazlal
  2985 | D:4      | Gained mutation: A meltable shield of frost defends you.
                  | (SH +4) [demonic ancestry]
  2985 | D:4      | Reached XP level 7. HP: 50/51 MP: 7/7
  3097 | D:4      | Identified the +1 chain mail of Eternal Night {+Inv rF+
                  | rCorr Str+3}
  3217 | D:4      | Noticed Natasha
  3223 | D:4      | Killed Natasha
  3230 | D:4      | Reached skill level 1 in Invocations
  3743 | D:5      | Reached skill level 6 in Axes
  3743 | D:5      | Reached skill level 1 in Shields
  3896 | D:5      | Reached ** piety under Qazlal
  3948 | D:5      | Gained mutation: Your touch may inflict irresistible damage
                  | on your foes. [demonic ancestry]
  3948 | D:5      | Reached XP level 8. HP: 52/58 MP: 9/9
  4683 | D:6      | Noticed Eustachio
  4691 | D:6      | Killed Eustachio
  4845 | D:6      | Reached skill level 7 in Axes
  4942 | D:6      | Noticed Menkaure
  4945 | D:6      | Killed Menkaure
  4947 | D:6      | Noticed Blork the orc
  4952 | D:6      | Killed Blork the orc
  5408 | D:7      | Reached XP level 9. HP: 62/65 MP: 12/12
  6259 | D:7      | Reached skill level 1 in Evocations
  6321 | D:8      | Reached skill level 8 in Axes
  6356 | D:7      | Reached skill level 5 in Invocations
  6745 | D:8      | Found a sacrificial altar of Ru.
  6805 | D:9      | Reached skill level 5 in Armour
  6816 | D:9      | Reached *** piety under Qazlal
  7113 | D:8      | Noticed a boulder beetle
  7293 | D:8      | Gained mutation: A meltable icy envelope protects you from
                  | harm. (AC +4) [demonic ancestry]
  7293 | D:8      | Reached XP level 10. HP: 10/73 MP: 1/15
  7760 | D:8      | Found Tadghir's Magic Scroll Shop.
  7795 | D:8      | Bought a scroll of identify for 24 gold pieces
  7795 | D:8      | Bought a scroll of summoning for 114 gold pieces
  7795 | D:8      | Bought a scroll of magic mapping for 90 gold pieces
  7834 | D:8      | Reached skill level 5 in Fighting
  8203 | D:8      | Killed a boulder beetle
  8204 | D:8      | Reached skill level 9 in Axes
  8247 | D:8      | Identified the +3 chain mail of Devotion {rC- rN+++ MP+9
                  | Dex-3}
  8461 | D:10     | Entered Level 10 of the Dungeon
  8667 | D:9      | Noticed Grum
  8684 | D:9      | Killed Grum
  9157 | D:10     | Reached **** piety under Qazlal
  9197 | D:12     | Noticed a two-headed ogre
  9319 | D:11     | Gained mutation: You regenerate health from kills. [demonic
                  | ancestry]
  9319 | D:11     | Reached XP level 11. HP: 81/81 MP: 17/17
  9331 | D:11     | Reached skill level 5 in Evocations
  9650 | D:11     | Reached skill level 10 in Axes
  9754 | D:11     | Found a staircase to the Lair.
 10232 | D:11     | Found a staircase to the Orcish Mines.
 10391 | D:12     | Noticed a cyan ugly thing
 10416 | D:11     | Killed a two-headed ogre
 10420 | D:11     | HP: 2/83 [cyan ugly thing (12)]
 10423 | D:11     | Killed a cyan ugly thing
 10629 | D:12     | Noticed a two-headed ogre
 10638 | D:11     | Killed a two-headed ogre
 10642 | D:11     | Killed a shadow wraith
 10874 | D:11     | HP: 4/124 [yak (11)]
 10874 | D:11     | Mangled by a manticore

Illustrated notes

Levels and vault maps discovered:
D:1:      dpeg_arrival_round_c, layout_basic
D:2:      minmay_door_path, layout_loops_ring, basic_altar,
          ebering_ecumenical_altar_abandoned, minmay_misc_feat_pillars
D:3:      layout_basic, uniq_natasha
D:4:      layout_basic, minmay_temple_entry_wispy
D:5:      layout_loops_ring
D:6:      layout_loops_corners, uniq_menkaure, uniq_eustachio,
          uniq_blork_the_orc
D:7:      nicolae_cairo_tiling_very_big, layout_basic
D:8:      layout_rooms, mainiacjoe_overflow_24_doors, serial_shops,
          nicolae_shop_statue_plus, kennysheep_island_fort
D:9:      layout_cross, minmay_misc_feat_tower, uniq_grum
D:10:     layout_loops_ring
D:11:     layout_roguey, due_lair_maze_entry_diamond, hiddenorc1_lemuel
D:12:     minmay_the_grid_square_5x5_4x4 [minmay_the_grid_square_5x5_spiral,
          minmay_the_grid_square_5x5_shrine2,
          minmay_the_grid_square_5x5_minimal, minmay_the_grid_square_5x5_lines,
          minmay_the_grid_square_5x5_six,
          minmay_the_grid_square_5x5_prize_waves,
          minmay_the_grid_square_5x5_prize_deathbox,
          minmay_the_grid_square_5x5_bridge, minmay_the_grid_square_5x5_n,
          minmay_the_grid_square_5x5_prize_monsterx,
          minmay_the_grid_square_5x5_prize_open,
          minmay_the_grid_square_5x5_misaligned,
          minmay_the_grid_square_5x5_mess,
          minmay_the_grid_square_5x5_three_walls,
          minmay_the_grid_square_5x5_inverted_slash,
          minmay_the_grid_square_5x5_n_small], layout_irregular_city,
          serial_glass, glass_columns_c, glass_columns_a, glass_columns_a,
          glass_columns_a
Temple:   kilobyte_greek_temple

Skill      XL: |  1  2  3  4  5  6  7  8  9 10 11 |
---------------+----------------------------------+-----
Dodging        | 3 4 |  4.8
Axes           | 3 4 5 6 7 8 9 10 | 10.9
Armour         | 1 2 3 4 5 6 7 |  7.1
Stealth        | 1 2 |  2.4
Throwing       | 3 |  3.4
Fighting       | 3 4 5 6 |  6.8
Invocations    | 2 4 6 8 9 |  9.5
Shields        | 1 |  1.2
Evocations     | 2 4 6 |  6.4

Action                   |  1- 3 |  4- 6 |  7- 9 | 10-12 || total
-------------------------+-------+-------+-------+-------++-------
Melee: War axe           |    72 |    79 |   230 |   245 ||   626
       Touch             |    14 |    16 |    26 |    51 ||   107
       Punch             |       |       |     1 |     5 ||     6
Throw: Javelin           |     1 |     1 |     9 |       ||    11
       Dart              |       |       |       |     3 ||     3
Invok: Upheaval          |       |       |       |     1 ||     1
       Elemental Force   |       |       |       |     1 ||     1
  Use: Scroll            |     5 |       |     8 |     4 ||    17
       Potion            |       |     1 |     2 |     5 ||     8
 Stab: Distracted        |     1 |       |       |       ||     1
       Sleeping          |       |     2 |       |       ||     2
Armor: Leather armour    |    22 |     4 |       |       ||    26
       Scale mail        |       |    12 |     5 |       ||    17
       Chain mail        |       |       |   167 |   138 ||   305
Dodge: Dodged            |    55 |    58 |   119 |   120 ||   352
Block: Other             |       |     2 |   112 |   124 ||   238

Table legend: (Time is in decaauts)
 A = Elapsed time spent in this place.
 B = Non-inter-level travel time spent in this place.
 C = Inter-level travel time spent in this place.
 D = Time resting spent in this place.
 E = Time spent auto-exploring this place.
 F = Levels seen in this place.
 G = Mean time per level.
                   A        B        C        D        E       F      G
               +--------+--------+--------+--------+--------+-----+--------+
         Total |  11016 |  10960 |     56 |   1774 |   5304 |  13 |  847.4 |
       Dungeon |  10921 |  10865 |     56 |   1774 |   5304 |  12 |  910.1 |
        Temple |     94 |     94 |      0 |      0 |      0 |   1 |   94.0 |
               +--------+--------+--------+--------+--------+-----+--------+

Top non-repeatable levels by time:
     D:7: 1536 daAuts
     D:8: 1475 daAuts
    D:11: 1356 daAuts
     D:3: 1117 daAuts
     D:4: 945 daAuts
     D:1: 942 daAuts
     D:6: 924 daAuts
     D:9: 812 daAuts
    D:10: 736 daAuts
     D:5: 718 daAuts
     D:2: 312 daAuts
  Temple: 94 daAuts
    D:12: 42 daAuts
